 Dungeon Crawl Stone Soup version 0.24.0-37-gcf1ca852f1 (webtiles) character file.

Game seed: 17613189217559068809, levelgen mode: deterministic

7363 sankara the Fighter (level 11, -5/120 HPs)
             Began as a Halfling Berserker on Dec 1, 2019.
             Was an Elder of Trog.
             Slain by an unseen horror (10 damage)
             ... on level 8 of the Dungeon.
             The game lasted 00:41:48 (9268 turns).

sankara the Fighter (Halfling Berserker)            Turns: 9268, Time: 00:41:48

Health: -5/120     AC:  8    Str: 23    XL:     11   Next: 35%
Magic:  11/11      EV: 20    Int:  5    God:    Trog [****..]
Gold:   328        SH:  6    Dex: 18    Spells: 10/10 levels left

rFire    . . .     SeeInvis .   a - +3 dagger
rCold    . . .     Gourm    .   O - +0 buckler
rNeg     . . .     Faith    +   L - +1 ring mail {MR+}
rPois    .         Spirit   .   P - +0 hat
rElec    .         Reflect  .   F - +0 cloak
rCorr    .         Harm     .   (no gloves)
MR       +....                  (no boots)
Stlth    ..........             n - amulet of faith
HPRegen  0.30/turn              (no ring)
MPRegen  0.12/turn              (no ring)

@: mighty, berserking, very slightly contaminated, very quick
A: small, mutation resistance 1
a: Berserk, Trog's Hand, Brothers in Arms, Renounce Religion


You were on level 8 of the Dungeon.
You worshipped Trog.
Trog was greatly pleased with you.
You were very hungry.

You visited 2 branches of the dungeon, and saw 9 of its levels.

You collected 328 gold pieces.

Inventory:

Hand Weapons
 a - a +3 dagger (weapon)
 b - a +0 long sword
 p - a +0 short sword
 v - a +0 hunting sling
 B - a +0 falchion
 S - a +1 dagger of venom
Missiles
 j - 225 stones (quivered)
 m - 68 sling bullets
 D - 6 boomerangs
Armour
 g - a +0 leather armour
 y - a +0 robe
 F - a +0 cloak (worn)
 L - a +1 ring mail of magic resistance (worn)
 N - a +0 chain mail
 O - a +0 buckler (worn)
 P - a +0 hat (worn)
Jewellery
 i - a cursed -2 ring of protection {unknown}
 n - an amulet of faith (around neck)
 u - an uncursed amulet of harm {unknown}
 E - a +6 amulet of reflection
 I - an uncursed ring of poison resistance {unknown}
Wands
 o - a wand of flame (7)
 q - a wand of paralysis (12)
 T - a wand of acid (11)
Scrolls
 d - 3 scrolls of remove curse
 e - 3 scrolls of teleportation {unknown}
 h - a scroll of enchant weapon {unknown}
 s - a scroll of fog {unknown}
 t - 2 scrolls of enchant armour {unknown}
 w - 2 scrolls of immolation {unknown}
 A - 4 scrolls of identify
 H - a scroll of fear {unknown}
 K - 2 scrolls of blinking {unknown}
 M - a scroll of noise {unknown}
 R - 2 scrolls of amnesia {unknown}
Potions
 f - 4 potions of curing
 r - 3 potions of flight
 z - a potion of resistance {unknown}
 C - 2 potions of berserk rage {unknown}
 G - 2 potions of brilliance {unknown}
 J - a potion of ambrosia {unknown}
 Q - a potion of mutation {unknown}
Comestibles
 c - 11 rations


   Skills:
 + Level 9.4 Fighting
 - Level 7.3 Short Blades
 - Level 5.3 Armour
 - Level 9.0 Dodging
 + Level 9.2 Stealth
 + Level 4.3 Shields


You had 10 spell levels left.
You didn't know any spells.
Your spell library was empty.

Dungeon Overview and Level Annotations

Branches:
Dungeon (8/15)             Temple (1/1) D:6
   Lair: D:8-11

Altars:
Ashenzari
Cheibriados
Dithmenos
Elyvilon
Fedhas
Gozag
Hepliaklqana
Kikubaaqudgha
Makhleb
Nemelex Xobeh
Okawaru
Qazlal
Ru
Sif Muna
Trog
Uskayaw
Vehumet
Wu Jian
Xom
Yredelemnul
Zin
The Shining One

Shops:
D:6 (


Innate Abilities, Weirdness & Mutations

You are small and have problems with some larger weapons.
You are somewhat resistant to further mutation.


Message History

Your ogre rages.
Something hits your ogre!
Your ogre dies!
Your ogre's corpse disappears in a puff of smoke!
It was a potion of might.
You feel very mighty all of a sudden.
A red film seems to cover your vision as you go berserk!
You feel yourself moving faster!
You feel mighty!
You are feeling very hungry.
You block something's attack. Something closely misses you.
You hit something. You block something's attack.
You hit something. Something hits you!
* * * LOW HITPOINT WARNING * * *
Something hits you.
* * * LOW HITPOINT WARNING * * *
You miss something. Something hits you!
* * * LOW HITPOINT WARNING * * *
You hit something. You block something's attack.
You puncture something! Something hits you!
You die...

#.# #.# #.# #.#
#.# #######.## #.#
#......... #.#
#.#####.## #.#
#.#####.## #.#
#........# #.#
############ #@#
#........... #{#
#.##..#.##.#
#.#####...........
#...........#.##.#
#.###########.##.#
#.# #.##.# ###
#.##.# #.##.#
#.#...


There were no monsters in sight!

Vanquished Creatures
  Gastronok (D:8)
  A two-headed ogre (D:8)
  Pikel (D:8)
  Maurice (D:8)
  The ghost of Sassenached the Poker, a novice DsWn of Yredelemnul (D:6)
  A gargoyle (D:5)
  2 hippogriffs
  Grinder (D:6)
  Sigmund (D:2)
  A wyvern (D:8)
  A hungry ghost (D:6)
  A sky beast (D:6)
  A necrophage (D:5)
  2 black bears
  An ice beast (D:5)
  4 ogres
  2 centaurs
  A gnoll sergeant (D:7)
  3 scorpions
  6 killer bees
  A crimson imp (D:8)
  4 hounds
  A gnoll shaman (D:4)
  3 jellies
  3 orc priests
  9 orc wizards
  Crazy Yiuf (D:5)
  4 iguanas
  7 worker ants
  Natasha (thrice) (D:2)
  2 worker ant zombies
  6 gnolls
  7 adders
  3 shadow imps
  2 oozes
  4 adder skeletons
  4 worms
  3 dart slugs (D:1)
  2 leopard geckos
  26 orcs
  6 bats
  6 giant cockroaches
  8 goblins
  3 hobgoblins
  14 jackals
  4 quokkas
  6 frilled lizards
  8 kobolds
  6 rats
189 creatures vanquished.

Vanquished Creatures (collateral kills)
  The ghost of frabbit the Sneak, a novice OpIE of Okawaru (D:6)
  A slave (D:8)
  2 killer bees (D:8)
4 creatures vanquished.

Vanquished Creatures (others)
  A slave (D:8)
  A withered plant (D:6)
2 creatures vanquished.

Grand Total: 195 creatures vanquished

Notes
Turn   | Place    | Note
-------+----------+-------------------------------------------
     0 | D:1      | sankara the Halfling Berserker began the quest for the Orb.
     0 | D:1      | Reached XP level 1. HP: 15/15 MP: 1/1
    49 | D:1      | Reached XP level 2. HP: 16/20 MP: 2/2
    65 | D:1      | Reached skill level 1 in Stealth
   358 | D:1      | Reached XP level 3. HP: 25/25 MP: 3/3
   489 | D:1      | Reached ** piety under Trog
   588 | D:2      | Noticed Natasha
   595 | D:2      | Killed Natasha
   595 | D:2      | Reached skill level 5 in Short Blades
   595 | D:2      | Reached XP level 4. HP: 18/30 MP: 4/4
   788 | D:2      | Found a shimmering blue altar of Sif Muna.
   971 | D:2      | Found a sacrificial altar of Ru.
   992 | D:2      | Reached XP level 5. HP: 23/35 MP: 5/5
  1207 | D:2      | Noticed Natasha
  1224 | D:2      | Killed Natasha
  1400 | D:2      | Noticed Natasha
  1407 | D:2      | Killed Natasha
  1701 | D:2      | Noticed Sigmund
  1724 | D:2      | Killed Sigmund
  1724 | D:2      | Reached XP level 6. HP: 41/41 MP: 6/6
  1798 | D:3      | Found a burning altar of Makhleb.
  1798 | D:3      | Found a glowing golden altar of the Shining One.
  1798 | D:3      | Found an opulent altar of Gozag.
  1977 | D:3      | Reached XP level 7. HP: 45/45 MP: 7/7
  1984 | D:3      | Reached *** piety under Trog
  2383 | D:3      | Found a blossoming altar of Fedhas.
  2521 | D:3      | Found a burning altar of Makhleb.
  2905 | D:4      | Reached skill level 5 in Stealth
  3253 | D:4      | Reached **** piety under Trog
  3253 | D:4      | Reached XP level 8. HP: 54/54 MP: 8/8
  3592 | D:5      | Entered Level 5 of the Dungeon
  3971 | D:5      | Found a white marble altar of Elyvilon.
  4107 | D:5      | Reached skill level 5 in Dodging
  4308 | D:5      | Found a runed translucent door.
  4309 | D:5      | Noticed Crazy Yiuf
  4395 | D:5      | Killed Crazy Yiuf
  4557 | D:5      | Noticed a gargoyle
  4560 | D:5      | Killed a gargoyle
  4560 | D:5      | Reached skill level 5 in Fighting
  4560 | D:5      | Reached XP level 9. HP: 61/61 MP: 9/9
  4673 | D:6      | Found a runed translucent gate.
  4675 | D:6      | Found a runed translucent gate.
  4676 | D:6      | Found a runed translucent gate.
  4682 | D:6      | Noticed Sassenached's ghost (novice DsWn)
  4682 | D:6      | Noticed frabbit's ghost (novice OpIE)
  4706 | D:6      | Found a staircase to the Ecumenical Temple.
  4717 | Temple   | Entered the Ecumenical Temple
  5106 | D:6      | Noticed Grinder
  5107 | D:6      | Found Uvo Dora's Weapon Shop.
  5127 | D:6      | Killed Grinder
  6100 | D:6      | Killed Sassenached's ghost
  6102 | D:6      | Killed frabbit's ghost
  6102 | D:6      | Reached XP level 10. HP: 49/69 MP: 10/10
  7782 | D:8      | Noticed Gastronok
  7803 | D:8      | Killed Gastronok
  7803 | D:8      | Reached skill level 5 in Armour
  7870 | D:8      | Noticed a two-headed ogre
  7886 | D:8      | Killed a two-headed ogre
  7886 | D:8      | Reached XP level 11. HP: 78/78 MP: 11/11
  8191 | D:8      | Noticed Maurice
  8209 | D:8      | Killed Maurice
  8209 | D:8      | Reached skill level 1 in Shields
  8220 | D:8      | Noticed Pikel
  8247 | D:8      | Killed Pikel
  9266 | D:8      | HP: 5/120 [something (7)]
  9268 | D:8      | Slain by an unseen horror

Levels and vault maps discovered:
D:1:      saegor_arrival_simple_c, layout_rooms
D:2:      layout_loops_corners, nicolae_ru_great_annihilating_truth,
          lemuel_coloured_pillars_altar, uniq_natasha, uniq_sigmund
D:3:      layout_basic, fedhas_altar_3,
          chequers_temple_overflow_statue_of_worship, bloody_makhleb
D:4:      layout_rooms, first_ration
D:5:      layout_rooms, lemuel_crystal_altar, minmay_small_thing,
          uniq_crazy_yiuf_cottage
D:6:      layout_basic, minmay_temple_entry_sparse_star,
          gammafunk_ghost_cemetery, serial_shops, shop, uniq_grinder
D:7:      layout_basic
D:8:      layout_basic, david_nohive_1, grunt_ministairs_12,
          uniq_prince_ribbit1, uniq_gastronok, uniq_maurice, uniq_pikel
Temple:   eino_wide_crystal_templ

Skill      XL: |  1  2  3  4  5  6  7  8  9 10 11 |
---------------+----------------------------------+-----
Short Blades   | 4 5 7 |  7.3
Stealth        | 1 2 4 5 7 9 |  9.2
Fighting       | 3 5 6 8 9 |  9.4
Dodging        | 3 6 7 9 |  9.0
Armour         | 5 |  5.3
Shields        | 4 |  4.3

Action                   |  1- 3 |  4- 6 |  7- 9 | 10-12 || total
-------------------------+-------+-------+-------+-------++-------
Melee: Short sword       |    69 |    38 |       |       ||   107
       Dagger            |       |   104 |   337 |   373 ||   814
Invok: Berserk           |     2 |     4 |    17 |    13 ||    36
       Trog's Hand       |       |     1 |     3 |     2 ||     6
       Brothers in Arms  |       |       |     1 |     4 ||     5
  Use: Scroll            |       |     4 |     1 |       ||     5
       Potion            |       |       |     1 |     4 ||     5
 Stab: Sleeping          |     2 |     1 |    17 |     3 ||    23
       Distracted        |       |       |     1 |     1 ||     2
       Invisible         |       |       |       |     1 ||     1
  Eat: Chunk             |       |     9 |    30 |    22 ||    61
       Ration            |       |       |       |     1 ||     1
Armor: Animal skin       |     5 |       |       |       ||     5
       Leather armour    |     5 |    17 |    27 |       ||    49
       Skin              |       |       |    12 |       ||    12
       Ring mail         |       |       |       |    70 ||    70
Dodge: Dodged            |    45 |    79 |   162 |   275 ||   561
Block: Buckler           |       |       |       |    80 ||    80
